 Dungeon Crawl Stone Soup version 0.27.0-1-g7a089689b8 (webtiles) character file.

Game seed: 4432673301030760302

79 DocSulfur the Caller (level 3, 0/39 HPs)
             Began as a Demigod Summoner on Aug 4, 2021.
             Succumbed to a scorpion's poison
             ... on level 4 of the Dungeon.
             The game lasted 00:05:46 (3881 turns).

DocSulfur the Caller (Demigod Summoner)             Turns: 3881, Time: 00:05:46

Health: 0/39       AC:  3    Str:  9    XL:     3   Next: 95%
Magic:  2/10       EV: 11    Int: 21    God:
Gold:   111        SH:  3    Dex: 14    Spells: 1/7 levels left

rFire    . . .     SeeInvis .   k - +0 spear
rCold    . . .     Faith    .   o - +0 buckler
rNeg     + . .     Spirit   .   a - +0 robe
rPois    .         Reflect  .   n - +0 helmet
rElec    .         Harm     .   (no cloak)
rCorr    .         Rampage  .   (no gloves)
Will     .....                  (no boots)
Stlth    ..........             (no amulet)
HPRegen  0.13/turn              i - ring of positive energy
MPRegen  0.12/turn              (no ring)

@: berserking (expiring), lethally poisoned (0 -> -6), very quick
A: high mp 1, forlorn
a: no special abilities


You were on level 4 of the Dungeon.
You visited 1 branch of the dungeon, and saw 4 of its levels.

You collected 111 gold pieces.

Inventory:

Hand Weapons
 f - a +0 dagger
 k - a +0 spear (weapon)
 m - a +2 whip of freezing
 q - a +1 hunting sling of freezing
Missiles
 b - 16 poisoned darts
 r - 16 stones
Armour
 a - a +0 robe (worn)
 n - a +0 helmet (worn)
 o - a +0 buckler (worn)
Jewellery
 i - a ring of positive energy (left hand)
Scrolls
 c - a scroll of identify {unknown}
 h - a scroll of teleportation {unknown}
 j - a scroll of enchant armour {unknown}
 l - a scroll of magic mapping {unknown}
 s - a scroll of immolation {unknown}
Potions
 d - a potion of berserk rage
 e - a potion of heal wounds {unknown}
 g - 3 potions of curing {unknown}
 p - a potion of might {unknown}


   Skills:
 - Level 1.7 Dodging
 - Level 1.7 Stealth
 + Level 0.2 Shields
 + Level 2.8 Spellcasting
 + Level 4.4 Summonings


You had one spell level left.
You knew the following spells:

 Your Spells              Type           Power      Damage    Failure   Level
a - Summon Small Mammal   Summ           84%        N/A       3%          1
b - Call Imp              Summ           21%        N/A       5%          2
c - Call Canine Familiar  Summ           21%        N/A       11%         3

Your spell library contained the following spells:

 Spells                   Type           Power      Damage    Failure   Level
 Summon Guardian Golem    Hex/Summ       12%        N/A       26%         3
 Gell's Gravitas          Tloc           1%         N/A       54%         3
 Lesser Beckoning         Tloc           1%         N/A       54%         3
 Teleport Other           Tloc           3%         N/A       54%         3
 Summon Lightning Spire   Summ/Air       12%        N/A       65%         4


Dungeon Overview and Level Annotations

Branches:
Dungeon (4/15)
 Temple: D:4-7

Annotations:
D:3 3 runed translucent doors, BOMJPIETVODKU's ghost, amateur GnEE


Innate Abilities, Weirdness & Mutations

Your attributes grow dramatically as you level up.
You have an increased reservoir of magic. (+10% MP)
You shall have no god before yourself.


Message History

Your bat hits the scorpion.
Your bat barely misses the scorpion.
The scorpion stings your bat!
Your bat dies!
Your bat's corpse disappears in a puff of smoke!
Casting: Summon Small Mammal (safe; 3% risk of failure)
Confirm with . or Enter, or press ? or * to list all spells.
You swap places.
Something closely misses your quokka.
Your crimson imp disappears in a puff of smoke!
The scorpion stings your quokka.
Your crimson imp closely misses the scorpion.
Your quokka bites the scorpion but does no damage.
The scorpion stings you.
Your crimson imp hits the scorpion but does no damage.
Your rat bites the scorpion but does no damage.
Casting: Summon Small Mammal (safe; 3% risk of failure)
Confirm with . or Enter, or press ? or * to list all spells.
The scorpion stings you.
You are lethally poisoned!
The scorpion poisons you!
* * * LOW HITPOINT WARNING * * *
You feel very sick.
You swap places.
* * * LOW HITPOINT WARNING * * *
You feel very sick.
The scorpion completely misses your rat.
Your crimson imp barely misses the scorpion.
The scorpion stings your rat.
Your rat dies!
Your rat's corpse disappears in a puff of smoke!
It was a potion of berserk rage.
A red film seems to cover your vision as you go berserk!
You feel yourself moving faster!
You feel mighty!
* * * LOW HITPOINT WARNING * * *
You feel sick.
Your crimson imp hits the scorpion but does no damage.
You are too berserk!
You feel a strong urge to attack something.
* * * LOW HITPOINT WARNING * * *
You feel sick.
You die...

## #. #. #
#.####.####.##
#......<.....#
#.####.#.##..#
#.#.##..#
#.......#
#.##@##.#
#.##.##.#
#...s...#
####ยง#### #5#
#r#
#######.###
.......r..#
####.##.#.#


You could see a scorpion (ally target), a friendly crimson imp (summoned), a
friendly quokka (summoned) and a friendly rat (summoned).

Vanquished Creatures
  A worm (D:2)
  An orc (D:4)
  3 bats
  An endoplasm (D:1)
  A giant cockroach (D:2)
  6 goblins
  2 hobgoblins
  6 kobolds
  2 ball pythons (D:1)
  2 frilled lizards (D:1)
  3 rats (D:2)
28 creatures vanquished.

Vanquished Creatures (collateral kills)
  5 adders
  An ufetubus (D:3)
  A ball python (D:3)
  2 bats
  4 endoplasms
  A giant cockroach (D:3)
  2 goblins
  A hobgoblin (D:1)
  2 jackals (D:2)
  3 quokkas
  3 kobolds
  3 rats
28 creatures vanquished.

Grand Total: 56 creatures vanquished

Notes
Turn   | Place    | Note
-------+----------+-------------------------------------------
     0 | D:1      | DocSulfur the Demigod Summoner began the quest for the Orb.
     0 | D:1      | Reached XP level 1. HP: 14/14 MP: 5/5
   839 | D:1      | Reached XP level 2. HP: 19/20 MP: 4/7
  1222 | D:1      | Reached skill level 4 in Summonings
  1571 | D:2      | Learned a level 2 spell: Call Imp
  1963 | D:2      | Reached XP level 3. HP: 23/26 MP: 5/9
  2670 | D:3      | Learned a level 3 spell: Call Canine Familiar
  2824 | D:3      | Found a runed translucent gate.
  2824 | D:3      | Found a runed translucent gate.
  2824 | D:3      | Found a runed translucent gate.
  2825 | D:3      | Noticed BOMJPIETVODKU's ghost (amateur GnEE)
  3846 | D:4      | Noticed a scorpion
  3880 | D:4      | HP: 1/39 [poisoned by a scorpion]
  3881 | D:4      | Succumbed to a scorpion's poison

Illustrated notes

Levels and vault maps discovered:
D:1:      amcnicky_arrival_single_pillar, layout_basic
D:2:      layout_loops_cross, chequers_ecumenical_altar_island
D:3:      layout_rooms, nemelex_altar_shiori, gammafunk_ghost_necromancy,
          minivault_11, palyth_stone_intersect
D:4:      layout_loops_cross, mainiacjoe_overflow_concentric_impassable,
          uniq_grinder

Skill      XL: |  1  2 |
---------------+-------+-----
Spellcasting   | 2 |  2.8
Summonings     | 4 |  4.4
Dodging        | |  1.7
Stealth        | |  1.7
Shields        | |  0.2

Action                   || total
-------------------------++-------
Melee: Dagger            ||    93
       Unarmed           ||     9
       Spear             ||    70
 Cast: Summon Small Mamm ||    76
       Call Imp          ||     3
  Use: Potion            ||     1
 Stab: Sleeping          ||     2
       Distracted        ||     1
Armor: Robe              ||    49
Dodge: Dodged            ||   127
Block: Buckler           ||    10
